AoeStats
← Anden

Arabia

515836632Analyzed
1v1 RM · 1d ago on Oct 24, 2026· 41m 29s· 2 players
Game mode
Random Map
Map size
Tiny (2 player)
Population
200
Speed
Normal
Resources
Standard
Victory
Conquest
Starting age
Dark Age
Ending age
Imperial Age
RankedLock teamsTeams togetherTeam positionsShared explorationLock speedFull tech treeHidden civsTurbo modeCheats
Victory
Defeat
🇸🇪 Malians · Sweden
1372
+14
vs
🇲🇽 Slavs · Mexico
1330
-14
Anden
0:26 Loom
6:43 Loom
8:56 Feudal Age
9:06 Man-at-Arms
10:26 Double-Bit Axe
14:57 Fletching
17:50 Horse Collar
21:46 Castle Age
22:17 Gold Mining
22:41 Scale Barding Armor
22:48 Bloodlines
25:23 Bow Saw
27:01 Wheelbarrow
28:30 Town Watch
29:20 Forging
31:35 Hand Cart
32:02 Husbandry
35:40 Imperial Age
34:44 Chain Barding Armor
35:50 Gold Shaft Mining
35:09 Stone Mining
36:21 Tigui
35:56 Heavy Camel Rider
37:25 Conscription
38:38 Plate Barding Armor
39:22 Iron Casting
38:13 Elite Gbeto
39:11 Town Patrol
39:13 Heavy Plow
38:55 Light Cavalry
[COBRA]HECTTOR
6:43 Loom
9:41 Feudal Age
10:49 Double-Bit Axe
20:26 Castle Age
19:34 Fletching
23:39 Forging
26:11 Husbandry
26:16 Horse Collar
27:13 Bloodlines
27:57 Scale Barding Armor
27:57 Light Cavalry
30:39 Chain Barding Armor
32:01 Iron Casting
33:04 Bodkin Arrow
32:45 Pikeman
33:49 Scale Mail Armor
36:12 Wheelbarrow
35:28 Town Watch
35:52 Squires
39:22 Imperial Age
37:16 Chain Mail Armor
Connection lost

Rejoining the realm…

Still unreachable

The connection could not be restored.

Session expired

The server has moved on; the page needs a fresh start.